 Dungeon Crawl Stone Soup version 0.28-a0-1312-g71652a0310 (webtiles) character file.

Game seed: 8902016648405463765

2611 browni3141 the Cleaver (level 9, -18/71 HPs)
             Began as a Ghoul Gladiator on Dec 27, 2021.
             Was an Initiate of Makhleb.
             Killed from afar by a steam dragon (19 damage)
             ... with a ball of steam
             ... on level 7 of the Dungeon.
             The game lasted 00:10:05 (8530 turns).

browni3141 the Cleaver (Ghoul Gladiator)            Turns: 8530, Time: 00:10:06

Health: -18/71     AC:  7    Str: 22    XL:     9   Next: 60%
Magic:  11/11      EV: 10    Int:  3    God:    Makhleb [......]
Gold:   319        SH:  0    Dex: 10    Spells: 8/8 levels left

rFire   . . .      SeeInvis .   z - +0 battleaxe
rCold   + . .      Faith    .   (shield currently unavailable)
rNeg    + + +      Spirit   .   j - +0 scale mail
rPois   ∞          Reflect  .   c - +0 helmet
rElec   .          Harm     .   (no cloak)
rCorr   .          Rampage  .   (no gloves)
Will    .....                   (no boots)
Stlth   ..........              (no amulet)
HPRegen 0.00/turn               (no ring)
MPRegen 0.12/turn               (no ring)

@: attractive, inhibited regen
A: claws 1, cold resistance 1, negative energy resistance 3, inhibited
regeneration, torment resistance 2
a: Renounce Religion


You were on level 7 of the Dungeon.
You worshipped Makhleb.
Makhleb was noncommittal.
You visited 2 branches of the dungeon, and saw 8 of its levels.

You collected 319 gold pieces.

Inventory:

Hand Weapons
 a - a +0 war axe
 b - the +4 whip "Xoteo" {freeze, rElec rC+ Will++ Dex-3}
   (You found it on level 5 of the Dungeon)

   It freezes those it strikes, dealing additional cold damage.
   It can also slow down cold-blooded creatures.
   Dex:       It affects your dexterity (-3).
   rC:        It protects you from cold.
   rElec:     It insulates you from electricity.
   Will:      It greatly increases your willpower.
 z - a +0 battleaxe (weapon)
Missiles
 d - 2 throwing nets
 h - 30 sling bullets
 m - 5 boomerangs
 y - 7 poisoned darts (quivered)
Armour
 c - a +0 helmet (worn)
 i - a +0 ring mail
 j - a +0 scale mail (worn)
 q - a +0 leather armour
 t - a scarf of harm
 v - a +0 chain mail
Jewellery
 r - a +4 ring of evasion
 A - an amulet of the acrobat
Wands
 u - a wand of flame (31)
Scrolls
 f - a scroll of identify
 g - a scroll of noise {unknown}
 l - 3 scrolls of vulnerability
 n - 2 scrolls of magic mapping
 o - a scroll of fog
 p - a scroll of enchant weapon {unknown}
Potions
 e - 2 potions of heal wounds
 k - 3 potions of curing
 x - a potion of berserk rage


   Skills:
 + Level 4.1 Fighting
 * Level 10.5 Axes
 - Level 1.7 Throwing
 + Level 2.5 Armour
 - Level 2.6 Dodging
 * Level 4.6 Invocations


You had 8 spell levels left.
You didn't know any spells.
Your spell library contained the following spells:

 Spells                   Type           Power      Damage    Failure   Level
 Magic Dart               Conj           0%         1d3       85%         1
 Call Imp                 Summ           0%         N/A       94%         2
 Frozen Ramparts          Ice            0%         1d2       99%         3
 Mephitic Cloud           Conj/Pois/Air  0%         N/A       99%         3
 Summon Guardian Golem    Hex/Summ       0%         N/A       99%         3
 Summon Ice Beast         Ice/Summ       0%         N/A       100%        4
 Orb of Destruction       Conj           0%         N/A       100%        7
 Spellforged Servitor     Conj/Summ      0%         N/A       100%        7
 Ice Form                 Ice/Tmut       Unusable   N/A       N/A         4

Dungeon Overview and Level Annotations

Branches:
Dungeon (7/15)             Temple (1/1) D:5

Altars:
Ashenzari
Cheibriados
Dithmenos
Elyvilon
Fedhas
Gozag
Kikubaaqudgha
Makhleb
Nemelex Xobeh
Qazlal
Ru
Sif Muna
Trog
Uskayaw
Vehumet
Wu Jian
Xom
Yredelemnul
Zin

Shops:
D:7 *

Annotations:
D:4 2 transporters, bearlyready's ghost, amateur DsBr


Innate Abilities, Weirdness & Mutations

You thrive by killing the living.
You are immune to poison.
You have sharp fingernails.
Your flesh is cold resistant. (rC+)
You are immune to negative energy. (rN+++)
You do not regenerate when monsters are visible.
You are immune to unholy pain and torment.


Message History

You barely miss the steam dragon.
You are engulfed in a cloud of scalding steam.
The steam dragon bites you. The steam dragon barely misses you.
You barely miss the steam dragon.
You are engulfed in a cloud of scalding steam.
The steam dragon bites you! The steam dragon misses you.
It was a potion of attraction.
You feel attractive to monsters. The steam dragon breathes steam at you.
The ball of steam hits you!!
* * * LOW HITPOINT WARNING * * *
Unknown command.
It was a potion of berserk rage.
You feel slightly irritated.
You are engulfed in a cloud of scalding steam.
* * * LOW HITPOINT WARNING * * *
The steam dragon bites you but does no damage.
The steam dragon claws you but does no damage.
Unknown command.
You feel much better.
You are engulfed in a cloud of scalding steam.
* * * LOW HITPOINT WARNING * * *
The steam dragon bites you!
* * * LOW HITPOINT WARNING * * *
The steam dragon closely misses you.
Unknown command.
You feel much better.
You are engulfed in a cloud of scalding steam.
The steam dragon bites you.
The steam dragon claws you but does no damage.
Okay, then.
You hit the steam dragon.
The steam dragon is lightly wounded.
You are engulfed in a cloud of scalding steam.
* * * LOW HITPOINT WARNING * * *
The steam dragon breathes steam at you. The ball of steam hits you!
* * * LOW HITPOINT WARNING * * *
The steam dragon breathes steam at you. The ball of steam hits you!!
You die...

#..........##.....÷......
#................#.......
##...............##..###.
########...........#...##..
..(....#......##.#........#
.8...8.#...........#......# #
...$...##..#.......###...## # #.
...(...T..###.......##..... ##
#.#...$..)#D§@#..###.......... .#
#.#.8...8.#........#....###.#. .#
#.#.......##.§...........##... .#
#.##########.##...#........... .#
#...#.#.#..#.##...##..........
.###..........#.#..###....#......
.#.....#.###....#...###.#####....
.#...##### ##......###...######..
.#.....## ###..#...........###..


You could see a troll and a steam dragon (catching breath).

Vanquished Creatures
  A hornet (D:7)
  Eustachio (D:6)
  2 steam dragons (D:7)
  A water moccasin (D:7)
  An ice beast (D:7)
  2 black bears (D:4)
  2 centaurs
  A phantom (D:5)
  2 bullfrogs (D:7)
  5 scorpions
  4 wights (D:7)
  4 electric eels (D:5)
  A jelly (D:5)
  A bullfrog skeleton (D:5)
  A gnoll shaman (D:7)
  2 centaur skeletons (D:5)
  3 hounds
  6 iguanas
  2 orc wizards
  A hound skeleton (D:4)
  7 gnolls
  3 adders
  A shadow imp (D:6)
  2 white imps
  An adder zombie (D:3)
  4 dart slugs
  18 orcs
  5 endoplasms
  4 giant cockroaches (D:1)
  5 goblins
  8 hobgoblins
  5 quokkas
  12 ball pythons
  A ball python zombie (D:3)
  9 bats
  5 frilled lizards
  8 kobolds
  2 rats
143 creatures vanquished.

Vanquished Creatures (others)
  2 orcs (D:5)
  2 plants (D:5)
4 creatures vanquished.

Grand Total: 147 creatures vanquished

Notes
Turn   | Place    | Note
-------+----------+-------------------------------------------
     0 | D:1      | browni3141 the Ghoul Gladiator began the quest for the Orb.
     0 | D:1      | Reached XP level 1. HP: 17/17 MP: 0/0
   100 | D:1      | Reached skill level 3 in Axes
   120 | D:1      | Reached XP level 2. HP: 24/24 MP: 1/1
   627 | D:1      | Reached XP level 3. HP: 26/29 MP: 2/2
  1038 | D:2      | Reached skill level 4 in Axes
  1284 | D:2      | Reached XP level 4. HP: 29/36 MP: 3/3
  1925 | D:3      | Reached skill level 5 in Axes
  2194 | D:3      | Reached XP level 5. HP: 40/41 MP: 4/4
  2201 | D:3      | Found a basalt altar of Yredelemnul.
  2272 | D:3      | Found an ancient bone altar of Kikubaaqudgha.
  2921 | D:4      | Found a transporter.
  2938 | D:4      | Noticed a small abomination
  2939 | D:4      | Noticed bearlyready's ghost (amateur DsBr)
  2972 | D:4      | Found a transporter.
  2975 | D:4      | Noticed an ancient zyme
  2975 | D:4      | Noticed a small abomination
  3115 | D:4      | Reached XP level 6. HP: 48/48 MP: 5/5
  3120 | D:4      | Reached skill level 6 in Axes
  3377 | D:4      | Found a bloodstained altar of Trog.
  3377 | D:4      | Noticed a black bear
  3378 | D:4      | Noticed a black bear
  3387 | D:4      | Killed a black bear
  3402 | D:4      | Killed a black bear
  3748 | D:4      | Found a broken altar of Ashenzari.
  3762 | D:4      | Reached skill level 7 in Axes
  3762 | D:4      | Reached XP level 7. HP: 39/55 MP: 6/6
  4011 | D:4      | Found a hide-covered altar of Uskayaw.
  4395 | D:5      | Entered Level 5 of the Dungeon
  4409 | D:5      | Identified the +4 whip "Xoteo" {freeze, rElec rC+ Will++
                  | Dex-3}
  4439 | D:5      | Reached skill level 8 in Axes
  4648 | D:5      | Found a staircase to the Ecumenical Temple.
  4688 | Temple   | Entered the Ecumenical Temple
  4694 | Temple   | Became a worshipper of Makhleb the Destroyer
  5125 | D:5      | Reached XP level 8. HP: 59/61 MP: 7/7
  5144 | D:5      | Found a transporter.
  5434 | D:5      | Found a transporter.
  5630 | D:5      | Reached skill level 9 in Axes
  5843 | D:5      | Found a radiant altar of Vehumet.
  6278 | D:6      | Noticed Eustachio
  6661 | D:6      | Reached skill level 1 in Invocations
  7012 | D:6      | Killed Eustachio
  7013 | D:6      | Reached skill level 1 in Armour
  7131 | D:7      | Reached skill level 10 in Axes
  7131 | D:7      | Reached XP level 9. HP: 56/69 MP: 9/9
  8199 | D:7      | Noticed a hornet
  8207 | D:7      | Killed a hornet
  8388 | D:7      | Found Isog's General Store.
  8476 | D:7      | Found a shimmering blue altar of Sif Muna.
  8516 | D:7      | Noticed a troll
  8525 | D:7      | HP: 1/71 [steam dragon] (9)]
  8530 | D:7      | Killed from afar by a steam dragon

Illustrated notes

Levels and vault maps discovered:
D:1:      minmay_arrival_plants_in_alcoves, layout_rooms, st_stairs_11,
          nrook_loot_triangle, minmay_vboxes
D:2:      layout_rooms, moated_statue
D:3:      layout_loops_ring, lemuel_zombie_altar_yredelemnul,
          lemuel_doored_altar
D:4:      layout_basic, mainiacjoe_overflow_brackets, evilmike_ruin_ashenzari,
          trog_ov_bears_minmay, gammafunk_ghost_abyssal_escape
D:5:      gammafunk_steamed_eel, layout_basic,
          mainiacjoe_overflow_small_starburst, temple_doors_cd
D:6:      layout_loops_ring, uniq_eustachio
D:7:      layout_cave_pools, lemuel_blue_sif_altar, serial_shops,
          nicolae_shop_stone, kennysheep_small_square
Temple:   chequers_temple_sunken

Skill      XL: |  1  2  3  4  5  6  7  8  9 |
---------------+----------------------------+-----
Axes           | 3 4 5 7 8 10 | 10.5
Invocations    | 2 4 |  4.6
Armour         | 1 2 |  2.5
Fighting       | 3 4 |  4.1
Throwing       | |  1.7
Dodging        | |  2.6

Action                   |  1- 3 |  4- 6 |  7- 9 || total
-------------------------+-------+-------+-------++-------
Melee: War axe           |   120 |   150 |    81 ||   351
       Whip              |       |       |   229 ||   229
       Battleaxe         |       |       |    19 ||    19
Throw: Throwing net      |       |     1 |     1 ||     2
       Dart              |       |       |     1 ||     1
Evoke: Wand              |       |       |    17 ||    17
  Use: Scroll            |       |       |     7 ||     7
       Potion            |       |       |     4 ||     4
Armor: Leather armour    |    22 |       |       ||    22
       Scale mail        |    13 |   103 |   165 ||   281
       Ring mail         |     6 |       |       ||     6
Dodge: Dodged            |   104 |    98 |   220 ||   422

Table legend: (Time is in decaauts)
 A = Elapsed time spent in this place.
 B = Non-inter-level travel time spent in this place.
 C = Inter-level travel time spent in this place.
 D = Time resting spent in this place.
 E = Time spent auto-exploring this place.
 F = Levels seen in this place.
 G = Mean time per level.
                   A        B        C        D        E       F      G
               +--------+--------+--------+--------+--------+-----+--------+
         Total |   8628 |   8380 |    248 |   1010 |   6065 |   8 | 1078.5 |
       Dungeon |   8310 |   8095 |    215 |   1010 |   5793 |   7 | 1187.1 |
        Temple |    317 |    285 |     32 |      0 |    272 |   1 |  317.0 |
               +--------+--------+--------+--------+--------+-----+--------+

Top non-repeatable levels by time:
     D:4: 1496 daAuts
     D:7: 1400 daAuts
     D:5: 1380 daAuts
     D:3: 1312 daAuts
     D:6: 1058 daAuts
     D:1: 978 daAuts
     D:2: 684 daAuts
  Temple: 317 daAuts
